 Dungeon Crawl Stone Soup version 0.29.0-4-gdea44cf6ec (webtiles) character file.

Game seed: 6702074647885636325

2 qw the Sneak (level 1, -2/14 HPs)
             Began as a Gargoyle Delver on Sept 10, 2022.
             Slain by an orc
             ... wielding a +0 falchion
              (6 damage)
             ... on level 4 of the Dungeon.
             The game lasted 00:00:01 (75 turns).

qw the Sneak (Gargoyle Delver)                        Turns: 75, Time: 00:00:02

Health: -2/14      AC:  7    Str: 15    XL:     1   Next: 40%
Magic:  1/1        EV: 10    Int: 10    God:
Gold:   0          SH:  0    Dex: 11    Spells: 0/0 levels left

rFire   . . .      SeeInvis .   a - +0 hand axe
rCold   . . .      Faith    .   (no shield)
rNeg    + . .      Spirit   .   h - +0 ring mail
rPois   inf        Reflect  .   (no helmet)
rElec   +          Harm     .   (no cloak)
rCorr   .          Rampage  .   (no gloves)
Will    .....                   (no boots)
Stlth   ++........              (no amulet)
HPRegen 0.04/turn               (no ring)
MPRegen 0.07/turn               (no ring)

@: no status effects
A: sickness immunity, AC +2, negative energy resistance 1, electricity
resistance, torment resistance 1, petrification resistance
a: no special abilities


You were on level 4 of the Dungeon.
You visited 1 branch of the dungeon, and saw 2 of its levels.


Innate Abilities, Weirdness & Mutations

You are immune to sickness and miasma.
Your stone body is resilient. (AC +2)
You are immune to poison.
You resist negative energy. (rN+)
You are resistant to electric shocks. (rElec)
You are resistant to unholy torment.
You are immune to petrification.


   Skills:
 - Level 3.2 Fighting
 + Level 2.0 Axes
 - Level 1.5 Dodging
 - Level 5.4 Stealth


You couldn't memorise any spells.
You didn't know any spells.
Your spell library was empty.

Inventory:

Hand Weapons
 a - a +0 hand axe (weapon)
Armour
 h - a +0 ring mail (worn)
Wands
 g - a wand of digging (3)
Scrolls
 b - a scroll of teleportation {unknown}
Potions
 f - a potion of haste

Dungeon Overview and Level Annotations

Branches:
Dungeon (5/15)
 Temple: D:4-7

Altars:


Message History

The orc is heavily wounded.
The orc hits you but does no damage.
The kobold shouts!
You hit the orc but do no damage.
The orc is heavily wounded.
You hit the endoplasm. The endoplasm completely misses you.
The orc barely misses you.
You hit the orc but do no damage.
The orc is heavily wounded.
You hit the endoplasm.
You kill the endoplasm!
The orc completely misses you.
The kobold throws a stone.
The stone hits you but does no damage.
You closely miss the orc.
The orc is heavily wounded.
The orc hits you but does no damage.
You closely miss the orc.
The orc is heavily wounded.
The orc barely misses you.
The kobold throws a stone.
The stone completely misses you. The orc hits you with a +0 falchion!
Ouch! That really hurt!
You barely miss the orc.
The orc is heavily wounded.
You hit the endoplasm but do no damage. The endoplasm freezes you.
You are frozen.
The orc hits you but does no damage.
You hit the orc but do no damage.
The orc is heavily wounded.
You hit the endoplasm. The orc closely misses you.
The endoplasm barely misses you.
You hit the endoplasm.
You kill the endoplasm!
You closely miss the orc. The orc barely misses you.
Your Axes skill increases to level 2!
You closely miss the orc.
The orc is heavily wounded.
You hit the kobold but do no damage. The kobold hits you but does no damage.
The orc hits you with a +0 falchion.
You die...

#### ... .. #
#.
#..##.#######
#...><....#
#...o@###.#
........K....#
..........#..#
.##.......# .#
#.......# #
..##...##. #K
#...# .. ...#
..


You could see an orc and a kobold.

Vanquished Creatures
  2 endoplasms (D:4)
2 creatures vanquished.

Notes
Turn   | Place    | Note
-------+----------+-------------------------------------------
     0 | D:5      | qw the Gargoyle Delver began the quest for the Orb.
     0 | D:5      | Reached XP level 1. HP: 14/14 MP: 1/1
     0 | D:5      | 0 ||| qw: Version: 0.1-a-116-g5d60599
     0 | D:5      | 0 ||| qw: Game counter: 9192
     0 | D:5      | 0 ||| qw: Always use a shield: true
     0 | D:5      | 0 ||| qw: God list: Okawaru
     0 | D:5      | 0 ||| qw: Allow faded altars: false
     0 | D:5      | 0 ||| qw: Do Orc after D:15 true
     0 | D:5      | 0 ||| qw: Do second Lair branch before Depths: true
     0 | D:5      | 0 ||| qw: Lair rune preference: random
     0 | D:5      | 0 ||| qw: Plans: Normal
     0 | D:5      | 0 ||| PLANNING D:1-11
    40 | D:5      | 40 ||| UPGRADING to +0 ring mail.
    50 | D:5      | 50 ||| DROPPING +0 leather armour.
    51 | D:5      | 51 ||| DROPPING scroll of fog.
    52 | D:5      | 52 ||| DROPPING scroll of magic mapping.
    53 | D:5      | 53 ||| DROPPING scroll of fear.
    65 | D:4      | 65 ||| Stepping ~*~*~tactically~*~*~ (stealth).
    72 | D:4      | HP: 3/14 [frozen (4)]
    75 | D:4      | Slain by an orc

Levels and vault maps discovered:
D:4:      layout_loops_ring
D:5:      layout_gridville, serial_rivers, chequers_serial_rivers_room_b,
          chequers_serial_rivers_small_b, chequers_serial_rivers_small_3,
          chequers_serial_rivers_small_b, chequers_serial_rivers_small_3,
          uniq_sigmund

Skill      XL: |  1 |
---------------+----+-----
Axes           | 2 |  2.0
Fighting       | |  3.2
Dodging        | |  1.5
Stealth        | |  5.4

Action                   || total
-------------------------++-------
Melee: Hand axe          ||     9
Armor: Ring mail         ||     5
Dodge: Dodged            ||     8

Table legend:
 A = Non-vault XP
 B = Vault XP
 C = Vault XP percentage of total XP
 D = Non-vault monster count
 E = Vault monster count
 F = Vault count percentage of total count
                 A         B        C        D         E       F
            +---------+---------+-------+---------+---------+-------
      Total |       4 |       0 |   0.0 |       2 |       0 |   0.0
            +---------+---------+-------+---------+---------+-------
        D:4 |       4 |       0 |   0.0 |       2 |       0 |   0.0
            +---------+---------+-------+---------+---------+-------
